 Dungeon Sprint DCSS version 0.28-a0-863-g8cecda6153 (webtiles) character file.

Game seed: 15272477713268379589

202 emperorscorpion the Thaumaturge (level 6, 0/40 HPs)
             Began as a Djinni Air Elementalist on Nov 18, 2021.
             Killed by their own static electricity (2 damage)
             ... in the Dungeon (Sprint IX: "|||||||||||||||||||||||||||||").
             The game lasted 00:00:33 (94 turns).

emperorscorpion the Thaumaturge (DjAE)                Turns: 94, Time: 00:00:33

Health: 0/40       AC:  2    Str:  7    XL:     6   Next: 8%
Gold:   0          EV: 14    Int: 18    God:
                   SH:  0    Dex: 14

rFire   + + .      SeeInvis .   g - +0 dagger
rCold   x . .      Faith    .   (no shield)
rNeg    . . .      Spirit   .   a - +0 robe
rPois   ∞          Reflect  .   (no helmet)
rElec   .          Harm     .   (no cloak)
rCorr   .          Rampage  .   (no gloves)
Will    .....      NoTele   +   (boots unavailable)
Stlth   ++........              (no amulet)
HPRegen 0.13/turn               (no ring)
MPRegen 0.00/turn               (no ring)

@: flying
A: sickness immunity, fire resistance 2, cold vulnerability 1, float, innate
caster, hp casting, extra vitality 1
a: no special abilities


You were in the Dungeon.
You visited 1 branch

Inventory:

Hand Weapons
 g - a +0 dagger (weapon)
Armour
 a - a +0 robe (worn)
Scrolls
 f - a scroll of blinking
Potions
 d - a potion of haste
 e - a potion of berserk rage


   Skills:
 + Level 0.3 Fighting
 + Level 4.9 Dodging
 + Level 3.4 Stealth
 + Level 8.2 Spellcasting


You had 8 spell levels left.
You knew the following spells:

 Your Spells              Type           Power      Damage    Failure   Level
a - Shock                 Conj/Air       100%       1d9       1%          1
b - Static Discharge      Conj/Air       36%        N/A       1%          2
c - Swiftness             Air            36%        N/A       1%          3
d - Airstrike             Air            18%        N/A       3%          4
e - Beastly Appendage     Tmut           72%        N/A       1%          1
f - Wereblood             Tmut           36%        N/A       1%          2
Your spell library was empty.

Dungeon Overview and Level Annotations

Branches:
Dungeon (1/1)

Altars:


Innate Abilities, Weirdness & Mutations

You are immune to sickness and miasma.
You are immune to poison.
Your flesh is very heat resistant. (rF++)
You are vulnerable to cold. (rC-)
You float through the air rather than walking.
You learn spells naturally, not from books.
Your magical power is your life essence.
You have superior vitality. (+4 HP)


Message History

You have reached level 4!
You feel agile.
You feel better. The scorpion stings you!
Casting: Shock (safe; 1% risk of failure)
Confirm with . or Enter, or press ? or * to list all spells.
The scorpion is struck by an arc of lightning.
You kill the scorpion!
The lightning grounds out.
Your Dodging skill increases to level 4!
Your Stealth skill increases to level 3!
Your Spellcasting skill increases to level 7!
You have reached level 5!
The power to cast Wereblood wells up from within.
Spell assigned to 'f'.
Casting: Static Discharge (safe; 1% risk of failure)
Confirm with . or Enter, or press ? or * to list all spells.
The scorpion is struck by an arc of lightning!
The scorpion is almost dead.
The necrophage is struck by an arc of lightning!
The necrophage is almost destroyed.
The lightning grounds out.
The scorpion stings you.
* * * LOW HITPOINT WARNING * * *
Unknown command.
Unknown command.
Casting: Static Discharge (safe; 1% risk of failure)
Confirm with . or Enter, or press ? or * to list all spells.
The scorpion is struck by an arc of lightning!
You kill the scorpion!
The lightning grounds out.
* * * LOW HITPOINT WARNING * * *
Your Spellcasting skill increases to level 8!
You have reached level 6!
Your experience leads to an increase in your attributes!
Increase (S)trength, (I)ntelligence, or (D)exterity?
You feel clever.
Casting: Static Discharge (safe; 1% risk of failure)
Confirm with . or Enter, or press ? or * to list all spells.
The necrophage is struck by an arc of lightning.
The necrophage is almost destroyed.
You are struck by an arc of lightning.
You die... ▓▓▓▓▓▓▓▓▓▓▓▓▓▓▓▓▓▓ ▓<...'...(@n.)...+ ▓▓▓▓▓▓▓▓▓▓▓▓▓▓▓▓▓▓

You could see a necrophage.

Vanquished Creatures
  An ogre (D)
  2 scorpions (D)
  A quokka (D)
  2 ball pythons (D)
  A ball python zombie (D)
  A kobold (D)
  A rat (D)
9 creatures vanquished.

Notes
Turn   | Place    | Note
-------+----------+-------------------------------------------
     0 | D        | emperorscorpion the Djinni Air Elementalist began the quest
                  | for the Orb.
     0 | D        | Reached XP level 1. HP: 15/15 MP: 0/0
     5 | D        | Reached skill level 3 in Spellcasting
    81 | D        | Noticed a scorpion
    81 | D        | Noticed a scorpion
    81 | D        | Noticed an ogre
    81 | D        | Noticed a necrophage
    89 | D        | Killed an ogre
    90 | D        | Reached skill level 6 in Spellcasting
    90 | D        | Reached XP level 2. HP: 7/21 MP: 0/0
    90 | D        | Reached XP level 3. HP: 9/25 MP: 0/0
    90 | D        | Learned a level 1 spell: Beastly Appendage
    90 | D        | Reached XP level 4. HP: 11/31 MP: 0/0
    91 | D        | Killed a scorpion
    92 | D        | Reached skill level 7 in Spellcasting
    92 | D        | Reached XP level 5. HP: 14/35 MP: 0/0
    92 | D        | Learned a level 2 spell: Wereblood
    94 | D        | Reached skill level 8 in Spellcasting
    94 | D        | Reached XP level 6. HP: 4/40 MP: 0/0
    94 | D        | Killed from afar by themself

Illustrated notes

Levels and vault maps discovered:
D:        linesprint [early_d, line_temple, items_1, d_10, items_2, lair_1,
          lair_end, items_3, orc_1, orc_end, items_4, d_15, swamp_1, shoals_1,
          snake_1, spider_1, d_20, vaults_1, items_5, swamp_end, shoals_end,
          snake_end, spider_end, vaults_end, d_27, items_6, zot_1, zot_end,
          crypt_end, forest_end, elf_end, slime_end, tomb_end, abyss_end,
          pan_hell_end]

Skill      XL: |  1  2  3  4  5 |
---------------+----------------+-----
Spellcasting   | 6 7 8 |  8.2
Dodging        | 3 4 |  4.9
Stealth        | 2 3 |  3.4
Fighting       | |  0.3

Action                   |  1- 3 |  4- 6 || total
-------------------------+-------+-------++-------
 Cast: Shock             |    11 |       ||    11
       Static Discharge  |       |     3 ||     3
  Use: Potion            |     1 |     1 ||     2
Armor: Robe              |     1 |       ||     1
Dodge: Dodged            |     7 |       ||     7

Table legend: (Time is in decaauts)
 A = Elapsed time spent in this place.
 B = Non-inter-level travel time spent in this place.
 C = Inter-level travel time spent in this place.
 D = Time resting spent in this place.
 E = Time spent auto-exploring this place.
 F = Levels seen in this place.
 G = Mean time per level.
                   A        B        C        D        E       F      G
               +--------+--------+--------+--------+--------+-----+--------+
         Total |     93 |     93 |      0 |     65 |      0 |   1 |   93.0 |
       Dungeon |     93 |     93 |      0 |     65 |      0 |   1 |   93.0 |
               +--------+--------+--------+--------+--------+-----+--------+

Top non-repeatable levels by time:
       D: 93 daAuts
